 Dungeon Crawl Stone Soup version 0.31.0-9-g3a7656b989 (webtiles) character file.

Game seed: 3709444672228615298

132 qw the Shooter (level 4, 0/22 HPs)
             Began as a Spriggan Hunter on Feb 2, 2024.
             Constricted to death by a ball python (1 damage)
             ... on level 3 of the Dungeon.
             The game lasted 00:00:06 (1929 turns).

qw the Shooter (Spriggan Hunter)                    Turns: 1929, Time: 00:00:06

Health: 0/22       AC:  1    Str:  7    XL:     4   Next: 92%
Magic:  5/5        EV: 17    Int: 10    God:
Gold:   193        SH:  0    Dex: 20    Spells: 3/3 levels left

rFire   . . .        a - +1 shortbow
rCold   . . .        (shield currently unavailable)
rNeg    . . .        c - +0 robe
rPois   .            (helmet restricted)
rElec   .            (no cloak)
rCorr   .            (gloves unavailable)
SInv    +            (boots unavailable)
Will    .....        (no amulet)
Stlth   ++           (no ring)
HPRegen 0.23/turn    (no ring)
MPRegen 0.09/turn

%: clarity
@: constricted, very quick
A: very small, no large weapons, unfitting armour, see invisible, speed 3,
clarity, deformed body, subdued magic 1
a: no special abilities


You were on level 3 of the Dungeon.
You visited 1 branch of the dungeon, and saw 3 of its levels.

You collected 193 gold pieces.


Innate Abilities, Weirdness & Mutations

You are very small and have problems with some larger weapons.
You are too small for most types of armour.
You have supernaturally acute eyesight. (SInv)
You cover ground extremely quickly. (Speed+++)
You possess an exceptional clarity of mind.
Armour fits poorly on your strangely shaped body.
Your spells are a little easier to cast, but a little less powerful.


   Skills:
 + Level 1.5 Fighting
 - Level 5.3 Ranged Weapons
 - Level 5.1 Dodging
 - Level 1.5 Stealth


You had 3 spell levels left.
You didn't know any spells.
Your spell library was empty.

Inventory:

Hand Weapons
 a - a +1 shortbow (weapon)
Armour
 c - a +0 robe (worn)
Scrolls
 b - 3 scrolls of identify
Potions
 d - a potion of curing
 e - a potion of degeneration {unknown}
 f - a potion of haste {unknown}
 g - a potion of mutation

Dungeon Overview and Level Annotations

Branches:
Dungeon (3/15)

Altars:
Cheibriados
Dithmenos
Fedhas
Ru


Message History

The orc is heavily wounded.
The orc priest barely misses you.
You shoot an arrow. The arrow closely misses the orc.
The orc completely misses you. The orc priest closely misses you.
You shoot an arrow. The arrow completely misses the orc.
The orc completely misses you. The orc misses you.
The orc priest barely misses you.
You shoot an arrow. The arrow hits the orc!
You kill the orc!
The orc misses you. The orc priest barely misses you.
You shoot an arrow. The arrow hits the orc priest!
The orc priest is severely wounded.
The orc priest begins to cast a cantrip, but forgets the words!
The orc closely misses you.
You shoot an arrow.
The arrow closely misses the orc priest.
The orc priest mumbles some strange prayers to Beogh against you.
Beogh smites you!
Ouch! That really hurt!
The orc closely misses you.
You shoot an arrow.
The arrow closely misses the orc priest.
The orc priest hits you with a +0 hand axe.
The orc hits you with a +0 club. The orc barely misses you.
The orc priest completely misses you.
You shoot an arrow. The arrow hits the orc priest!
You kill the orc priest!
The ball python misses you. The ball python barely misses you.
The orc misses you.
Your Dodging skill increases to level 5!
You shoot an arrow. The arrow hits the orc.
The orc is severely wounded.
The ball python misses you. The ball python grabs you.
The ball python constricts you. The orc barely misses you.
You shoot an arrow. The arrow hits the ball python.
The ball python is severely wounded.
The ball python bites you. The ball python constricts you.
The orc barely misses you. The ball python completely misses you.
The ball python constricts you.
You die...

....# ..#.# ......).. ..#.#
....... .(#.# ###......
..#.# ....... ###########
#..... ..........# #....#
..........# #..So#
....###.#####..)@#
...##~#'#~##.....#######
...##_..._##.....##..).#####
....########......#.##.#...#
....%.....###.....#.##.#.###
####
######'##.....>##.#.##.#.#
....
....##.##.###..##.#.##.#.#
....>
....##.##.##>..##.#.##.#.#
......
##.....##.#...#.....##.#.#
......


You could see an orc and a ball python.

Vanquished Creatures
  A bombardier beetle (D:3)
  An orc priest (D:3)
  3 adders
  A dart slug (D:1)
  A ribbon worm (D:3)
  3 orcs (D:3)
  3 endoplasms
  2 giant cockroaches
  2 goblins (D:3)
  3 hobgoblins
  4 kobolds
  2 quokkas
  7 ball pythons
  4 bats
  2 frilled lizards
  4 rats
43 creatures vanquished.

Notes
Turn   | Place    | Note
-------+----------+-------------------------------------------
     0 | D:1      | qw the Spriggan Hunter began the quest for the Orb.
     0 | D:1      | Reached XP level 1. HP: 10/10 MP: 2/2
     0 | D:1      | 0 ||| qw: Version: 0.3-a-155-g5e7d8dd
     0 | D:1      | 0 ||| qw: Game counter: 782
     0 | D:1      | 0 ||| qw: Melee chars always use a shield: true
     0 | D:1      | 0 ||| qw: God list: Okawaru
     0 | D:1      | 0 ||| qw: Allow faded altars: false
     0 | D:1      | 0 ||| qw: Do Orc after clearing Dungeon:15 true
     0 | D:1      | 0 ||| qw: Do second Lair branch before Depths: true
     0 | D:1      | 0 ||| qw: Lair rune preference: random
     0 | D:1      | 0 ||| qw: Goals: Normal
     0 | D:1      | 0 ||| PLANNING D:1-11
    26 | D:1      | Reached skill level 3 in Dodging
    79 | D:1      | Reached XP level 2. HP: 10/14 MP: 3/3
   497 | D:1      | 497 ||| READING 2 scrolls labelled KUHAF CEMILESE.
   497 | D:1      | 497 ||| IDENTIFYING brown potion
   498 | D:1      | 498 ||| READING scroll of identify.
   498 | D:1      | 498 ||| IDENTIFYING scroll labelled BUFOUX NUTS
   499 | D:1      | 499 ||| DROPPING scroll of butterflies.
   500 | D:1      | 500 ||| DROPPING potion of lignification.
   501 | D:1      | 501 ||| DROPPING scroll of fear.
   619 | D:2      | Found a faded altar of an unknown god.
   953 | D:2      | Reached XP level 3. HP: 18/18 MP: 4/4
  1277 | D:2      | 1277 ||| READING scroll of identify.
  1277 | D:2      | 1277 ||| IDENTIFYING bubbling coppery potion
  1278 | D:2      | 1278 ||| READING scroll labelled ORELAH SU LURR.
  1278 | D:2      | 1278 ||| ENCHANTING +0 shortbow.
  1279 | D:2      | 1279 ||| READING scroll labelled QIETU PERGHENT.
  1280 | D:2      | 1280 ||| DRINKING 2 glowing sapphire potions.
  1281 | D:2      | 1281 ||| DRINKING 2 lumpy golden potions.
  1281 | D:2      | Gained mutation: Armour fits poorly on your strangely
                  | shaped body. [potion of mutation]
  1281 | D:2      | Gained mutation: Your spells are a little easier to cast,
                  | but a little less powerful. [potion of mutation]
  1281 | D:2      | Gained mutation: You possess an exceptional clarity of
                  | mind. [potion of mutation]
  1282 | D:2      | 1282 ||| DROPPING potion of brilliance.
  1297 | D:3      | Found a snail-covered altar of Cheibriados.
  1300 | D:3      | 1300 ||| STAIRDANCE
  1306 | D:3      | 1306 ||| STAIRDANCE
  1513 | D:3      | Reached XP level 4. HP: 22/22 MP: 5/5
  1584 | D:3      | Found a blossoming altar of Fedhas.
  1707 | D:3      | Found a shadowy altar of Dithmenos.
  1707 | D:3      | Found a sacrificial altar of Ru.
  1926 | D:3      | HP: 3/22 [orc/+0 club (4)]
  1929 | D:3      | HP: 1/22 [constriction (1)]
  1929 | D:3      | Constricted to death by a ball python

Levels and vault maps discovered:
D:1:      enne_arrival_octagon_isle, layout_basic
D:2:      layout_basic, hellmonk_ecumenical_altar_pennies_from_heaven
D:3:      layout_basic, slow_altar_1, gammafunk_temple_overflow_elements,
          nicolae_overflow_crystal_walls

Skill      XL: |  1  2  3  4 |
---------------+-------------+-----
Dodging        | 3 4 5 |  5.1
Ranged Weapons | 5 |  5.3
Fighting       | |  1.5
Stealth        | |  1.5

Action                     |  1- 3 |  4- 6 || total
---------------------------+-------+-------++-------
   Fire: Shortbow          |    89 |    32 ||   121
    Use: Scroll            |     5 |       ||     5
         Potion            |     2 |       ||     2
 Armour: Robe              |     8 |     5 ||    13
  Dodge: Dodged            |    31 |    28 ||    59

Table legend:
 A = Non-vault XP
 B = Vault XP
 C = Vault XP percentage of total XP
 D = Non-vault monster count
 E = Vault monster count
 F = Vault count percentage of total count
                 A         B        C        D         E       F
            +---------+---------+-------+---------+---------+-------
      Total |     185 |       4 |   2.1 |      42 |       1 |   2.3
            +---------+---------+-------+---------+---------+-------
        D:1 |      30 |       0 |   0.0 |      19 |       0 |   0.0
        D:2 |      25 |       0 |   0.0 |      10 |       0 |   0.0
        D:3 |     130 |       4 |   3.0 |      13 |       1 |   7.1
            +---------+---------+-------+---------+---------+-------
